 Dungeon Sprint DCSS version 0.29-a0-322-g68df515428 (webtiles) character file.

Game seed: 5096498233390025007

191 mhtbhm the Cleaver (level 5, -5/56 HPs)
             Began as a Minotaur Berserker on Apr 6, 2022.
             Was a Priest of Trog.
             Slain by a kobold brigand
             ... wielding a +0 whip
              (9 damage)
             ... in the Dungeon (Sprint VII: "The Pits").
             The game lasted 00:00:25 (269 turns).

mhtbhm the Cleaver (Minotaur Berserker)              Turns: 269, Time: 00:00:26

Health: -5/56      AC:  2    Str: 24    XL:     5   Next: 41%
Magic:  4/4        EV: 13    Int:  4    God:    Trog [***...]
Gold:   0          SH:  0    Dex:  9    Spells: 4/4 levels left

rFire   . . .      SeeInvis .   a - +2 hand axe
rCold   . . .      Faith    .   (no shield)
rNeg    . . .      Spirit   .   b - +0 animal skin
rPois   .          Reflect  .   (helmet restricted)
rElec   .          Harm     .   (no cloak)
rCorr   .          Rampage  .   (no gloves)
Will    .....      NoTele   +   (no boots)
Stlth   +.........              (no amulet)
HPRegen 0.18/turn               (no ring)
MPRegen 0.09/turn               (no ring)

@: slowed, very slow
A: horns 2, retaliatory headbutt
a: Renounce Religion, Berserk, Trog's Hand


You were in the Dungeon.
You worshipped Trog.
Trog was most pleased with you.
You visited 1 branch

Inventory:

Hand Weapons
 a - a +2 hand axe (weapon)
Armour
 b - a +0 animal skin (worn)
Scrolls
 h - a scroll of blinking
 j - a scroll of summoning
Potions
 e - a potion of haste
 f - 4 potions of magic
 g - 3 potions of berserk rage
 i - 2 potions of invisibility


   Skills:
 + Level 8.9 Fighting
 + Level 9.4 Axes
 + Level 4.8 Armour
 + Level 4.7 Dodging


You had 4 spell levels left.
You didn't know any spells.
Your spell library was empty.

Dungeon Overview and Level Annotations

Branches:
Dungeon (1/1)

Altars:
Cheibriados
Dithmenos
Elyvilon
Fedhas
Gozag
Hepliaklqana
Makhleb
Nemelex Xobeh
Okawaru
Qazlal
Ru
Sif Muna
Trog
Wu Jian
Xom
Yredelemnul
Zin
The Shining One
Jiyva


Innate Abilities, Weirdness & Mutations

You have a pair of horns on your head.
You reflexively headbutt those who attack you in melee.


Message History

The adder attacks as you move away! The adder barely misses you.
You feel sick. The adder closely misses you.
The kobold brigand barely misses you.
You slash the adder!
You kill the adder!
Trog accepts your kill.
You hit the kobold brigand.
You feel sick.
The kobold brigand hits you with a +0 whip!
You feel sick.
The kobold brigand hits you with a +0 whip.
* * * LOW HITPOINT WARNING * * *
Things that are here:
a +0 dagger; an adder corpse Unknown command.
You hit the kobold brigand.
You headbutt the kobold brigand, but do no damage.
The kobold brigand is moderately wounded.
You feel sick.
The kobold brigand hits you with a +0 whip!
* * * LOW HITPOINT WARNING * * *
Unknown command.
Unknown command.
You feel much better.
You feel sick.
You are no longer poisoned.
The kobold brigand hits you with a +0 whip.
The kobold brigand hits you with a +0 whip!
* * * LOW HITPOINT WARNING * * *
You slash the kobold brigand!
Your headbutt misses the kobold brigand.
The kobold brigand is severely wounded.
The kobold brigand hits you with a +0 whip.
* * * LOW HITPOINT WARNING * * *
You closely miss the kobold brigand. You headbutt the kobold brigand.
The kobold brigand is severely wounded.
The kobold brigand closely misses you. You furiously retaliate!
You headbutt the kobold brigand, but do no damage.
You barely miss the kobold brigand.
Your headbutt misses the kobold brigand.
The kobold brigand is severely wounded.
The kobold brigand hits you with a +0 whip!
You die...

#.?(.))))'.##......#.
##########.##........
#..........†'........
#+#####†#####......#.
#...#)# #........
#...#.# ####'####
#...'.# #.......#
##'#### #.......#
#.@...# #.......#
#.K...# #...<...#
#........##.......#
#........##.......#
###########.......#
#########


You could see a kobold brigand.

Vanquished Creatures
  A floating eye (D)
  A scorpion (D)
  An adder (D)
  A river rat (D)
  2 orcs (D)
  A bat (D)
  2 jackals (D)
9 creatures vanquished.

Notes
Turn   | Place    | Note
-------+----------+-------------------------------------------
     0 | D        | mhtbhm the Minotaur Berserker began the quest for the Orb.
     0 | D        | Reached XP level 1. HP: 19/19 MP: 0/0
    17 | D        | Reached skill level 4 in Axes
    22 | D        | Found a bloodstained altar of Trog.
    22 | D        | Found a shimmering blue altar of Sif Muna.
    22 | D        | Found a viscous altar of Jiyva.
    22 | D        | Found a hazy altar of Hepliaklqana.
    22 | D        | Found an opulent altar of Gozag.
    23 | D        | Found a glowing golden altar of the Shining One.
    23 | D        | Found a glowing silver altar of Zin.
    23 | D        | Found a basalt altar of Yredelemnul.
    23 | D        | Found a shimmering altar of Xom.
    23 | D        | Found an ornate altar of the Wu Jian Council.
    23 | D        | Found a sacrificial altar of Ru.
    23 | D        | Found a stormy altar of Qazlal.
    23 | D        | Found an iron altar of Okawaru.
    23 | D        | Found a sparkling altar of Nemelex Xobeh.
    23 | D        | Found a burning altar of Makhleb.
    23 | D        | Found a blossoming altar of Fedhas.
    23 | D        | Found a white marble altar of Elyvilon.
    23 | D        | Found a shadowy altar of Dithmenos.
    23 | D        | Found a snail-covered altar of Cheibriados.
    60 | D        | Reached ** piety under Trog
    61 | D        | Reached skill level 5 in Fighting
    61 | D        | Reached skill level 5 in Axes
    61 | D        | Reached XP level 2. HP: 29/29 MP: 1/1
   148 | D        | Noticed a floating eye
   151 | D        | Killed a floating eye
   152 | D        | Reached skill level 8 in Axes
   152 | D        | Reached XP level 3. HP: 40/40 MP: 2/2
   152 | D        | Reached XP level 4. HP: 48/48 MP: 3/3
   254 | D        | Noticed a scorpion
   255 | D        | Noticed a kobold brigand
   256 | D        | Reached *** piety under Trog
   260 | D        | Killed a scorpion
   261 | D        | Reached skill level 9 in Axes
   261 | D        | Reached XP level 5. HP: 31/56 MP: 4/4
   269 | D        | Slain by a kobold brigand

Illustrated notes

Levels and vault maps discovered:
D:        pitsprint [storerooms_1, entrance_room_1, metal_vault_7, armoury_1,
          mini_pit_1, grid_room_1, main_hall_1, silver_pit, the_coven_2,
          the_vestibule_1, steel_vault_5, golden_pit, hallway_of_sentries,
          crystal_vault_5, iron_vault_2, final_vault]

Skill      XL: |  1  2  3  4 |
---------------+-------------+-----
Fighting       | 5 7 8 |  8.9
Axes           | 5 8 9 |  9.4
Armour         | 4 |  4.8
Dodging        | 4 |  4.7

Action                   |  1- 3 |  4- 6 || total
-------------------------+-------+-------++-------
Melee: Hand axe          |    11 |    10 ||    21
       Headbutt          |     3 |     3 ||     6
  Use: Potion            |       |     2 ||     2
Armor: Animal skin       |     2 |     2 ||     4
Dodge: Dodged            |     8 |    10 ||    18

Table legend: (Time is in decaauts)
 A = Elapsed time spent in this place.
 B = Non-inter-level travel time spent in this place.
 C = Inter-level travel time spent in this place.
 D = Time resting spent in this place.
 E = Time spent auto-exploring this place.
 F = Levels seen in this place.
 G = Mean time per level.
                   A        B        C        D        E       F      G
               +--------+--------+--------+--------+--------+-----+--------+
         Total |    271 |    271 |      0 |    181 |      0 |   1 |  271.0 |
       Dungeon |    271 |    271 |      0 |    181 |      0 |   1 |  271.0 |
               +--------+--------+--------+--------+--------+-----+--------+

Top non-repeatable levels by time:
       D: 271 daAuts
